 Dungeon Crawl Stone Soup version 0.22.0-1-g6561e4c (webtiles) character file.

3927 Gorglomux the Fighter (level 10, 0/84 HPs)
             Began as a Formicid Monk on Aug 12, 2018.
             Slain by a troll (6 damage)
             ... on level 8 of the Dungeon.
             The game lasted 00:06:46 (9579 turns).

Gorglomux the Fighter (Formicid Monk)               Turns: 9579, Time: 00:06:47

Health: 0/84       AC: 15    Str: 20    XL:     10   Next: 44%
Magic:  3/10       EV:  9    Int:  9    God:
Gold:   395        SH:  0    Dex: 15    Spells: 9/9 levels left

rFire    + . .     SeeInvis +   y - +5 quarterstaff (speed)
rCold    . . .     Gourm    .   (no shield)
rNeg     . . .     Faith    .   Y - +0 chain mail
rPois    .         Spirit   .   (helmet unavailable)
rElec    .         Reflect  .   i - +0 cloak
rCorr    .         Harm     .   x - +0 pair of gloves
MR       +....                  B - +0 pair of boots
Stlth    ..........             (no amulet)
HPRegen  0.24/turn              f - ring of protection from fire
MPRegen  0.12/turn              (no ring)

@: no status effects
A: permanent stasis, dig shafts and tunnels, four strong arms, antennae 3,
talons 1, agile 1, MP-powered wands
a: Dig, Shaft Self


You were on level 8 of the Dungeon.
You were very hungry.

You visited 2 branches of the dungeon, and saw 9 of its levels.

You collected 395 gold pieces.

Inventory:

Hand Weapons
 a - a +0 hand axe
 y - a +5 quarterstaff of speed (weapon)
Missiles
 Z - a throwing net (quivered)
Armour
 i - a +0 cloak (worn)
 x - a +0 pair of gloves (worn)
 B - a +0 pair of boots (worn)
 Y - a +0 chain mail (worn)
Jewellery
 f - a ring of protection from fire (left hand)
Wands
 A - a wand of acid (5)
 I - a wand of iceblast (14)
Scrolls
 d - 2 scrolls of magic mapping {unknown}
 e - 10 scrolls of remove curse
 g - 9 scrolls of identify {unknown}
 h - 2 scrolls of amnesia {unknown}
 l - a scroll of fog {unknown}
 n - 6 scrolls of teleportation {unknown}
 u - 2 scrolls of enchant weapon {unknown}
 D - a scroll of enchant armour {unknown}
Potions
 q - a potion of agility
 w - a potion of mutation {!q}
 E - a potion of curing {unknown}
Comestibles
 c - 9 rations


   Skills:
 + Level 9.7 Fighting
 + Level 8.9 Axes
 + Level 9.1 Armour
 - Level 2.6 Dodging
 - Level 2.4 Stealth


You had 9 spell levels left.
You didn't know any spells.
Your spell library contained the following spells:

 Spells                   Type           Power        Failure   Level  Hunger
 Spider Form              Tmut/Pois      #.........   100%        3    ####...
 Blade Hands              Tmut           #.........   100%        5    ######.
 Ice Form                 Ice/Tmut       #.......     100%        4    #####..
 Sticks to Snakes         Tmut           #.......     99%         2    ###....
 Beastly Appendage        Tmut           #.....       97%         1    ##.....


Dungeon Overview and Level Annotations

Branches:
Dungeon (8/15)             Temple (1/1) D:7
   Lair: D:8-11

Altars:
Ashenzari
Cheibriados
Dithmenos
Elyvilon
Fedhas
Hepliaklqana
Kikubaaqudgha
Makhleb
Nemelex Xobeh
Qazlal
Ru
Sif Muna
Trog
Uskayaw
Vehumet
Wu Jian
Xom
Yredelemnul
Zin
The Shining One

Shops:
D:7 *


Innate Abilities, Weirdness & Mutations

You cannot be hasted, slowed, berserked, paralysed or teleported.
You can dig through walls and to a lower floor.
Your four strong arms can wield two-handed weapons with a shield.
You have a pair of large antennae on your head. (SInv)
You have sharp toenails.
You are agile. (Dex +2)
You expend magic power (3 MP) to strengthen your wands.


Message History

Aim: a troll The bolt of acid hits the troll!
The troll is splashed with acid!
The acid corrodes the troll!!!
The troll is heavily wounded!
The bolt of acid hits the orc!
The orc is splashed with acid!
The acid corrodes the orc!!!
You annihilate the orc!!!
Butt feel a butt of power!!!
The troll bites you but does no damage! The troll claws you but does no damage!
The troll misses you!
Unknown butt!
You butt your mandibles!
You beat the troll like a drum!
The troll is heavily wounded!
The troll bites you! * * * don't die
* * * The troll claws you but does no damage!
The troll butts you! * * * butt't die
* * * You barely miss the butt!
The troll is butt-ly wounded!
The troll bites you! rip

##.##
##.##
##.##
##.##
##.##
##.##
##)##
##T##
#@##
###


You could see a troll.

Vanquished Creatures
  A centaur warrior (D:8)
  A hippogriff (D:7)
  Grinder (D:5)
  A wyvern (D:8)
  Menkaure (D:7)
  A water moccasin (D:7)
  An orc warrior (D:8)
  An ice beast (D:6)
  A necrophage (D:6)
  2 ogres
  2 phantoms
  3 sky beasts
  3 centaurs
  Blork the orc (D:5)
  2 bullfrogs
  A gnoll sergeant (D:5)
  A scorpion (D:5)
  4 wights (D:6)
  A howler monkey (D:6)
  2 crimson imps (D:5)
  4 hounds
  3 orc priests
  A jelly (D:5)
  5 orc wizards
  A bullfrog skeleton (D:6)
  3 iguanas
  Natasha (thrice) (D:3)
  A worker ant (D:7)
  A killer bee zombie (D:5)
  8 gnolls
  7 adders
  A shadow imp (D:6)
  An ooze (D:4)
  2 adder skeletons (D:4)
  3 worms
  3 leopard geckos
  24 orcs
  3 giant cockroaches
  5 goblins (D:2)
  2 hobgoblins
  8 jackals
  10 bats
  3 frilled lizards
  5 kobolds
  2 rats (D:2)
140 creatures vanquished.

Vanquished Creatures (others)
  A human (D:2)
1 creature vanquished.

Grand Total: 141 creatures vanquished

Notes
Turn   | Place    | Note
-------+----------+-------------------------------------------
     0 | D:1      | Gorglomux the Formicid Monk began the quest for the Orb.
     0 | D:1      | Reached XP level 1. HP: 18/18 MP: 1/1
   313 | D:2      | Reached XP level 2. HP: 5/24 MP: 2/2
   692 | D:2      | Reached skill level 1 in Armour
   759 | D:2      | Found an ancient bone altar of Kikubaaqudgha.
   760 | D:2      | Noticed a human
   762 | D:2      | Killed a human
  1204 | D:2      | Reached XP level 3. HP: 10/30 MP: 3/3
  1754 | D:2      | Found a shadowy altar of Dithmenos.
  2509 | D:1      | Reached XP level 4. HP: 28/37 MP: 4/4
  3136 | D:3      | Noticed an air elemental
  3137 | D:3      | Found a stormy altar of Qazlal.
  3138 | D:3      | Noticed a water elemental
  3139 | D:3      | Noticed an earth elemental
  3139 | D:3      | Noticed a fire elemental
  3198 | D:3      | Noticed Natasha
  3208 | D:3      | Killed Natasha
  3208 | D:3      | Reached XP level 5. HP: 25/42 MP: 5/5
  3209 | D:3      | Noticed Natasha
  3219 | D:3      | Killed Natasha
  3466 | D:3      | Noticed Natasha
  3475 | D:3      | Killed Natasha
  3700 | D:4      | Noticed a phantom
  4131 | D:4      | Reached skill level 3 in Armour
  4369 | D:4      | Noticed a phantom
  4626 | D:4      | Noticed an ogre
  4650 | D:4      | Killed an ogre
  4650 | D:4      | Reached XP level 6. HP: 31/51 MP: 6/6
  5063 | D:5      | Entered Level 5 of the Dungeon
  5234 | D:4      | Reached XP level 7. HP: 25/56 MP: 7/7
  5985 | D:5      | Reached skill level 6 in Fighting
  5987 | D:5      | Noticed Grinder
  6402 | D:5      | Killed Grinder
  6402 | D:5      | Reached XP level 8. HP: 50/65 MP: 8/8
  6529 | D:5      | Reached skill level 6 in Axes
  6599 | D:5      | Noticed Blork the orc
  6616 | D:5      | Killed Blork the orc
  6618 | D:5      | Gained mutation: You expend magic power (3 MP) to strengthen your wands. [potion of mutation]
  6618 | D:5      | Gained mutation: You are agile. (Dex +2) [potion of mutation]
  6618 | D:5      | Gained mutation: You have sharp toenails. [potion of mutation]
  6674 | D:5      | Reached skill level 6 in Armour
  7083 | D:5      | Found a radiant altar of Vehumet.
  7385 | D:6      | Reached XP level 9. HP: 56/72 MP: 9/9
  7685 | D:6      | Found a hazy altar of Hepliaklqana.
  8117 | D:7      | Noticed a hippogriff
  8131 | D:7      | Killed a hippogriff
  8269 | D:7      | Noticed Menkaure
  8275 | D:7      | Killed Menkaure
  8716 | D:7      | Found a snail-covered altar of Cheibriados.
  8756 | D:7      | Found Zin's Purification Station.
  8761 | D:7      | Found a glowing silver altar of Zin.
  8979 | D:7      | Found a staircase to the Ecumenical Temple.
  8996 | Temple   | Entered the Ecumenical Temple
  9160 | D:8      | Reached XP level 10. HP: 82/82 MP: 10/10
  9170 | D:8      | Reached skill level 9 in Fighting
  9225 | D:8      | Noticed a two-headed ogre
  9225 | D:8      | Noticed a centaur warrior
  9544 | D:8      | Killed a centaur warrior
  9544 | D:8      | Reached skill level 9 in Armour
  9579 | D:8      | Slain by a troll

Skill      XL: |  1  2  3  4  5  6  7  8  9 10 |
---------------+-------------------------------+-----
Armour         | 1 2 3 5 6 8 9 |  9.1
Fighting       | 4 5 6 7 8 9 |  9.7
Axes           | 4 5 6 8 |  8.9
Dodging        | |  2.6
Stealth        | |  2.4

Action                   |  1- 3 |  4- 6 |  7- 9 | 10-12 || total
-------------------------+-------+-------+-------+-------++-------
Melee: Hand axe          |   134 |   117 |       |       ||   251
       Quarterstaff      |       |    14 |   323 |    58 ||   395
       Kick              |       |       |     5 |       ||     5
 Abil: Dig               |     1 |     3 |     3 |     7 ||    14
Evoke: Wand              |       |       |       |     3 ||     3
  Use: Potion            |       |     1 |     9 |       ||    10
       Scroll            |       |       |     1 |       ||     1
 Stab: Sleeping          |     2 |       |       |       ||     2
  Eat: Chunk             |     5 |     5 |    13 |     2 ||    25
       Ration            |       |     1 |       |       ||     1
Armor: Robe              |    24 |       |       |       ||    24
       Ring mail         |    28 |    56 |    20 |       ||   104
       Chain mail        |       |       |   119 |    36 ||   155
Dodge: Dodged            |   115 |    94 |   130 |    29 ||   368
